 Dungeon Crawl Stone Soup version 0.21.1-1-g345015fe64 (webtiles) character file.

64 Jannitor the Ducker (level 3, -6/19 HPs)
             Began as a Spriggan Berserker on May 27, 2018.
             Was a Believer of Trog.
             Killed by divine providence
             ... invoked by an orc priest
              (14 damage)
             ... on level 2 of the Dungeon.
             The game lasted 00:01:33 (1153 turns).

Jannitor the Ducker (Spriggan Berserker)            Turns: 1153, Time: 00:01:36

Health: -6/19      AC:  2    Str: 14    XL:     3   Next: 91%
Magic:  4/4        EV: 20    Int:  8    God:    Trog [**....]
Gold:   7          SH:  0    Dex: 15    Spells: 2/2 levels left

rFire    . . .     SeeInvis +   a - +0 short sword
rCold    . . .     Gourm    .   (shield restricted)
rNeg     . . .     Faith    .   b - +0 animal skin
rPois    .         Spirit   .   (helmet restricted)
rElec    .         Reflect  .   (no cloak)
rCorr    .         Harm     .   (gloves unavailable)
MR       .....                  (boots unavailable)
Stlth    ++........             i - amulet of rage
HPRegen  0.06/turn              (no ring)
MPRegen  0.09/turn              (no ring)

@: very quick
A: very small, unfitting armour, see invisible, herbivore, speed 3, slow
metabolism 2
a: Berserk, Trog's Hand, Burn Spellbooks, Renounce Religion, Evoke Berserk Rage


You were on level 2 of the Dungeon.
You worshipped Trog.
Trog was pleased with you.
You were not hungry.

You visited 1 branch of the dungeon, and saw 2 of its levels.

You collected 7 gold pieces.

Inventory:

Hand Weapons
 a - a +0 short sword (weapon)
Armour
 b - a +0 animal skin (worn)
Jewellery
 f - an uncursed amulet of magic regeneration
 i - an amulet of rage (around neck)
Scrolls
 d - a scroll of enchant armour {unknown}
 e - a scroll of identify {unknown}
 g - a scroll of blinking {unknown}
 h - a scroll of amnesia {unknown}
Comestibles
 c - 2 rations


   Skills:
 + Level 2.9 Fighting
 + Level 3.9 Short Blades
 + Level 5.2 Dodging
 + Level 2.6 Stealth


You had 2 spell levels left.
You didn't know any spells.

Dungeon Overview and Level Annotations

Branches:
Dungeon (2/15)

Altars:

Annotations:
D:2 Sigmund


Innate Abilities, Weirdness & Mutations

You are very small and have problems with some larger weapons.
You are too small for most types of armour.
You have supernaturally acute eyesight. (SInv)
You are a herbivore.
You cover ground extremely quickly.
You need consume almost no food.


Message History

You remove your amulet of magic regeneration.
i - an amulet of rage (around neck) Unknown command.
You closely miss the kobold. The kobold misses you.
You hit the kobold.
The kobold is moderately wounded.
The kobold misses you.
You hit the kobold.
You kill the kobold!
Trog accepts your kill.
Sigmund hits you from afar with a scythe!
Ouch! That really hurt!
You are too injured to fight recklessly!
An orc priest comes into view.
The orc priest shouts!
The orc throws a tomahawk.
The tomahawk barely misses you.
The orc priest invokes the aid of Beogh against you.
Beogh smites you!
Ouch! That really hurt!
You die...

#. #.
..#..#.####
o.........###
...oo...og..#
...#.....g#@#
#......#r#
#......#.#
#...##.#.##### #
....>...@(....#
#
########.#####.#
# ...# #.# #
#### #.# # #.# #
##### #.# #
#...# #.# #
#...# #.# #
#...# #.# #


You could see Sigmund (invisible), an orc priest, 2 orcs, a hobgoblin, a goblin
and a rat.

Vanquished Creatures
  2 adders (D:2)
  An ooze (D:1)
  A dart slug (D:1)
  2 leopard geckos (D:1)
  A bat (D:1)
  A bat zombie (D:1)
  A giant cockroach (D:1)
  2 goblins (D:1)
  5 hobgoblins
  4 jackals (D:2)
  A ball python (D:1)
  2 frilled lizards (D:1)
  A giant cockroach zombie (D:1)
  8 kobolds
  4 rats (D:1)
36 creatures vanquished.

Notes
Turn   | Place    | Note
-------+----------+-------------------------------------------
     0 | D:1      | Jannitor the Spriggan Berserker began the quest for the Orb.
     0 | D:1      | Reached XP level 1. HP: 11/11 MP: 2/2
    61 | D:1      | Reached skill level 1 in Stealth
    72 | D:1      | Reached XP level 2. HP: 11/16 MP: 3/3
   416 | D:1      | Reached ** piety under Trog
   741 | D:1      | Reached skill level 5 in Dodging
   741 | D:1      | Reached XP level 3. HP: 19/19 MP: 4/4
  1135 | D:2      | Noticed Sigmund
  1153 | D:2      | Killed from afar by an orc priest

Skill      XL: |  1  2 |
---------------+-------+-----
Stealth        | 1 2 |  2.6
Dodging        | 5 |  5.2
Fighting       | |  2.9
Short Blades   | |  3.9

Action                   || total
-------------------------++-------
Melee: Short sword       ||   132
Invok: Berserk           ||     1
 Stab: Sleeping          ||     7
Armor: Animal skin       ||    10
Dodge: Dodged            ||   104
